 Dungeon Crawl Stone Soup version 0.32-a0-468-g38b2580584 (webtiles) character file.

Game seed: 17378856675905946805

2366 adelrune the Covered (level 9, 0/74 (75) HPs)
             Began as an Armataur Fighter on Feb 24, 2024.
             Was an Initiate of Gozag.
             Slain by Prince Ribbit (8 damage)
             ... on level 6 of the Dungeon.
             The game lasted 00:17:55 (5438 turns).

adelrune the Covered (Armataur Fighter)             Turns: 5438, Time: 00:17:55

HP:   0/74 (75)     AC:  8    Str: 25    XL:     9   Next: 21%
MP:   9/9           EV:  8    Int:  9    God:    Gozag
Gold: 273           SH:  5    Dex: 10    Spells: 8/8 levels left

rFire   . . .        i - +1 morningstar (flame)
rCold   . . .        c - +0 buckler
rNeg    . . .        o - +0 swamp dragon scales
rPois   +            (no helmet)
rElec   .            (no cloak)
rCorr   .            (no gloves)
SInv    .            (no barding)
Will    .....        (no amulet) Stlth
                     q - ring of wizardry
HPRegen 0.32/turn    (no ring)
MPRegen 0.11/turn

%: roll, wizardry (x1)
@: on berserk cooldown, slowed, lightly drained, very slow
A: large, deformed body, tough skin 3, armoured tail, roll 2
a: Renounce Religion, Potion Petition, Call Merchant, Bribe Branch


You were on level 6 of the Dungeon.
You worshipped Gozag.
Gozag was aware of your devotion.
You visited 1 branch of the dungeon, and saw 7 of its levels.

You collected 655 gold pieces.
You paid 382 gold pieces to Gozag.

Inventory:

Hand Weapons
 a - a +0 flail
 i - a +1 morningstar of flaming (weapon)
 z - a +1 flail of protection
Armour
 c - a +0 buckler (worn)
 o - +0 swamp dragon scales (worn)
Jewellery
 q - a ring of wizardry (left hand)
Wands
 f - a wand of mindburst (15)
Scrolls
 e - a scroll of poison {unknown}
 j - a scroll of blinking {unknown}
 k - 2 scrolls of fog {unknown}
 l - a scroll of enchant weapon {unknown}
 m - a scroll of immolation {unknown}
 n - a scroll of teleportation {unknown}
 p - 6 scrolls of identify
 r - a scroll of vulnerability {unknown}
 x - a scroll of amnesia {unknown}
 y - a scroll of enchant armour {unknown}
 A - a scroll of fear {unknown}
Potions
 b - 3 potions of curing {unknown}
 d - a potion of resistance {unknown}
 g - 2 potions of heal wounds {unknown}
 h - a potion of lignification {unknown}
 s - a potion of invisibility {unknown}
 t - a potion of cancellation {unknown}
 u - a potion of attraction {unknown}
 v - a potion of mutation {unknown}
 B - a potion of ambrosia


   Skills:
 + Level 5.7 Fighting
 * Level 7.3 Maces & Flails
 + Level 7.5 Armour
 + Level 6.9 Shields


You had 8 spell levels left.
You didn't know any spells.
Your spell library contained the following spells:

 Spells                   Type           Power      Damage    Failure   Level
 Apportation              Tloc           0%         N/A       26%         1
 Jinxbite                 Hex            0%         N/A       38%         2
 Frozen Ramparts          Ice            0%         1d1       58%         3
 Fugue of the Fallen      Necr           0%         N/A       58%         3
 Hailstorm                Conj/Ice       0%         3d5       58%         3
 Ozocubu's Armour         Ice            0%         N/A       58%         3
 Summon Ice Beast         Ice/Summ       0%         N/A       58%         3
 Leda's Liquefaction      Alch/Erth      0%         N/A       92%         4
 Manifold Assault         Tloc           0%         N/A       92%         4
 Petrify                  Alch/Erth      0%         N/A       92%         4
 Alistair's Intoxication  Alch           0%         N/A       99%         5
 Metabolic Englaciation   Hex/Ice        0%         N/A       99%         5
 Sculpt Simulacrum        Ice/Alch       0%         N/A       100%        6


Dungeon Overview and Level Annotations

Branches:
Dungeon (7/15)
 Temple: D:4-7

Altars:
Gozag
Sif Muna
Trog

Shops:
D:2 (   D:5 :

Annotations:
D:5 1 runed translucent door, Crazy Yiuf
D:6 Prince Ribbit


Innate Abilities, Weirdness & Mutations

Armour fits poorly on your strangely shaped body.
You have extremely tough skin. (AC +3)
You have a long armoured tail.
You regenerate magic and health when rolling toward enemies. (Rampage Regen)


Message History

Level annotation: Prince Ribbit You feel a strong urge to attack something.
There is a stone staircase leading down, spattered with blood here.
Things that are here:
6 gold pieces; a +0 chain mail; a +0 mace You sock the wight!
You burn the wight.
You destroy the wight!
The wight is no longer distracted by gold.
Prince Ribbit is distracted by your dazzling golden aura.
The hound bites you but does no damage. The wight barely misses you.
You miss the hound. You block the hound's attack.
The wight is distracted by your dazzling golden aura.
You impale the hound!! You burn the hound.
You kill the hound!
You are no longer berserk.
You are exhausted.
You feel yourself slow down.
The wight is no longer distracted by gold.
You puncture the wight! You burn the wight.
The wight is almost destroyed.
Prince Ribbit is no longer distracted by gold.
The wight is distracted by your dazzling golden aura.
Prince Ribbit blinks!
You puncture the wight! You burn the wight.
You destroy the wight!
You block Prince Ribbit's attack. x2
Prince Ribbit is distracted by your dazzling golden aura.
Prince Ribbit is no longer distracted by gold.
Prince Ribbit blinks!
You now have 273 gold pieces (gained 15).
Things that are here:
a +2 scimitar of freezing; a +0 robe Prince Ribbit hits you!
* * * LOW HITPOINT WARNING * * *
You miss Prince Ribbit.
Prince Ribbit is moderately wounded.
Prince Ribbit hits you but does no damage.
Prince Ribbit hits you!
You die...
Your body crumbles into a pile of gold.

#.# #.....[#....#.##. #.#
#...####...##.... #.#
#..##...####..##.
####.####..#..).#).......
#......##..#....#.ß.#.###
#.##.#.###.....##...#.# #
#.##.#.# ###.###..###.# #
#.##.#.#####$.....# #.# #
#.......@F)>$.....###.###
####......######.........
#......# ##########
#......# ###...## #####


You could see Prince Ribbit.

Vanquished Creatures
  Maggie (D:6)
  Sigmund (D:2)
  A steam dragon (D:5)
  Duvessa (D:5)
  An orc warrior (D:6)
  A sky beast (D:6)
  2 ice beasts (D:6)
  2 ogres
  A centaur (D:6)
  A bullfrog (D:6)
  4 scorpions
  3 wights
  Dowan (D:5)
  3 howler monkeys (D:6)
  A bombardier beetle (D:4)
  An orc priest (D:6)
  4 hounds
  A jelly (D:6)
  A sleepcap (D:5)
  An iguana (D:5)
  An orc wizard (D:6)
  7 adders
  An ufetubus (D:6)
  2 ribbon worms
  A dart slug (D:3)
  12 orcs
  5 ball pythons
  7 bats
  7 endoplasms
  9 goblins
  11 hobgoblins
  7 jackals
  2 quokkas
  3 frilled lizards
  8 kobolds
  7 rats
122 creatures vanquished.

Notes
Turn   | Place    | Note
-------+----------+-------------------------------------------
     0 | D:1      | adelrune the Armataur Fighter began the quest for the Orb.
     0 | D:1      | Reached XP level 1. HP: 18/18 MP: 1/1
   121 | D:1      | Reached XP level 2. HP: 20/25 MP: 2/2
   619 | D:1      | Reached XP level 3. HP: 30/30 MP: 3/3
   736 | D:2      | Found a faded altar of an unknown god.
   767 | D:2      | Noticed Sigmund
  1636 | D:4      | Noticed a scorpion
  1641 | D:3      | Killed a scorpion
  1642 | D:3      | Reached XP level 4. HP: 33/38 MP: 4/4
  2087 | D:4      | Reached XP level 5. HP: 36/45 MP: 5/5
  2153 | D:4      | Noticed an ogre
  2157 | D:4      | Killed an ogre
  2339 | D:2      | Killed Sigmund
  2340 | D:2      | Reached skill level 5 in Armour
  2340 | D:2      | Reached XP level 6. HP: 48/52 MP: 6/6
  2670 | D:2      | You fall into a shaft and drop 2 floors!
  2707 | D:2      | Found Ybbuah's Weapon Shoppe.
  3062 | D:5      | Entered Level 5 of the Dungeon
  3181 | D:5      | Noticed a steam dragon
  3192 | D:5      | Gained mutation: You regenerate magic and health when
                  | rolling toward enemies. (Rampage Regen) [Armataur growth]
  3192 | D:5      | Reached XP level 7. HP: 21/59 MP: 7/7
  3198 | D:5      | Killed a steam dragon
  3199 | D:5      | Reached skill level 5 in Shields
  3396 | D:5      | Found Roeho Roti's Book Shoppe.
  3488 | D:5      | Reached skill level 5 in Maces & Flails
  3530 | D:5      | Noticed Dowan
  3531 | D:5      | Noticed Duvessa
  3537 | D:5      | Killed Duvessa
  3541 | D:5      | Killed Dowan
  3726 | D:5      | Found a shimmering blue altar of Sif Muna.
  3732 | D:5      | Found a bloodstained altar of Trog.
  3811 | D:5      | Found a runed translucent door.
  3812 | D:5      | Noticed Crazy Yiuf
  3875 | D:5      | Found an opulent altar of Gozag.
  3885 | D:5      | Became a worshipper of Gozag Ym Sagoz the Greedy
  4052 | D:6      | Noticed Maggie
  4115 | D:6      | Reached XP level 8. HP: 51/67 MP: 8/8
  4656 | D:6      | Reached skill level 5 in Fighting
  4716 | D:6      | Killed Maggie
  4789 | D:6      | Reached XP level 9. HP: 63/74 MP: 9/9
  5129 | D:6      | Identified the +6 dagger of Vekhlaux {flame, Will- Str+3
                  | Int+5}
  5222 | D:7      | Noticed Prince Ribbit
  5438 | D:6      | Slain by Prince Ribbit

Illustrated notes

Levels and vault maps discovered:
D:1:      minmay_arrival_glassed_features, layout_loops_cross
D:2:      layout_rooms, hellmonk_ecumenical_altar_leap_of_faith, serial_shops,
          nicolae_shop_tiny_glass, minmay_quadrilaterals, uniq_sigmund
D:3:      layout_basic, grunt_ministairs_6, minmay_goblin_outpost
D:4:      layout_layer_cave
D:5:      layout_rooms, hellmonk_overflow_destroyed_library,
          lemuel_coloured_pillars_altar, serial_shops,
          nicolae_book_shop_shelving, nicolae_kite_square_tiling_tiny,
          nicolae_elevator_lobby_plus, uniq_duvessa, uniq_crazy_yiuf_cottage
D:6:      layout_loops_cross, nrook_mini_vaults, minmay_bent, uniq_maggie
D:7:      layout_cave_pools, mainiacjoe_overflow_alcove_2, temple_hall,
          nicolae_beast_mode, uniq_prince_ribbit1

Skill      XL: |  1  2  3  4  5  6  7  8 |
---------------+-------------------------+-----
Maces & Flails | 2 3 4 5 7 |  7.3
Armour         | 4 5 6 7 |  7.5
Fighting       | 3 4 5 |  5.7
Shields        | 4 5 6 |  6.9

Action                     |  1- 3 |  4- 6 |  7- 9 || total
---------------------------+-------+-------+-------++-------
  Melee: Flail             |   123 |   110 |   128 ||   361
         Tailslap          |    10 |    11 |    18 ||    39
         Morningstar       |       |       |    47 ||    47
  Throw: Dart              |       |       |     2 ||     2
 Invoke: Potion Petition   |       |       |     1 ||     1
  Evoke: Wand              |       |     6 |     8 ||    14
    Use: Scroll            |       |     1 |       ||     1
         Potion            |       |     2 |       ||     2
   Stab: Invisible         |       |       |     3 ||     3
         Distracted        |       |       |     2 ||     2
 Armour: Scale mail        |   103 |    33 |       ||   136
         Chain mail        |       |   107 |   105 ||   212
         Swamp dragon scal |       |       |    67 ||    67
  Dodge: Dodged            |    43 |    44 |    58 ||   145
  Block: Buckler           |    29 |    24 |    42 ||    95

Table legend: (Time is in decaauts)
 A = Elapsed time spent in this place.
 B = Non-inter-level travel time spent in this place.
 C = Inter-level travel time spent in this place.
 D = Time resting spent in this place.
 E = Time spent auto-exploring this place.
 F = Levels seen in this place.
 G = Mean time per level.
                   A        B        C        D        E       F      G
               +--------+--------+--------+--------+--------+-----+--------+
         Total |   5533 |   5229 |    304 |    895 |   2989 |   7 |  790.4 |
       Dungeon |   5533 |   5229 |    304 |    895 |   2989 |   7 |  790.4 |
               +--------+--------+--------+--------+--------+-----+--------+

Top non-repeatable levels by time:
     D:6: 1331 daAuts
     D:5: 1034 daAuts
     D:3: 986 daAuts
     D:1: 755 daAuts
     D:2: 714 daAuts
     D:4: 667 daAuts
     D:7: 43 daAuts
